 Dungeon Crawl Stone Soup version 0.31-a0-164-g2312942fda (webtiles) character file.

Game seed: 13567858416284967465

138135 qw the Severer (level 17, -1/124 HPs)
             Began as a Gargoyle Fighter on June 13, 2023.
             Was a High Priest of Okawaru.
             Constricted to death by an anaconda (2 damage)
             ... on level 1 of the Snake Pit.
             The game lasted 00:15:06 (26484 turns).

qw the Severer (Gargoyle Fighter)                  Turns: 26484, Time: 00:15:07

Health: -1/124     AC: 41    Str: 39    XL:     17   Next: 25%
Magic:  18/24      EV: 13    Int: 10    God:    Okawaru [*****.]
Gold:   755        SH: 20    Dex:  6    Spells: 16/16 levels left

rFire   + . .        r - +9 war axe (venom)
rCold   + + +        I - +1 tower shield {AC+3}
rNeg    + . .        D - +5 chain mail of Makhleb's Hope {rC+ Str+3}
rPois   inf          A - +0 hat "Lib Keiq" {rC++ Str+3 Dex-3}
rElec   +            h - scarf {rC+ rF+}
rCorr   .            v - +2 pair of gloves
SInv    .            p - +1 pair of boots
Will    +....        C - amulet of faith Stlth
                     q - +5 ring of evasion
HPRegen 0.40/turn    c - +6 ring of strength
MPRegen 0.19/turn

%: faith
@: about to teleport, heroic, flying, constricted
A: sickness immunity, AC +12, big wings, negative energy resistance 1,
electricity resistance, torment resistance 1, petrification resistance, robust 1
a: Renounce Religion, Heroism, Finesse, Duel


You were on level 1 of the Snake Pit.
You worshipped Okawaru.
Okawaru was extremely pleased with you.
You visited 5 branches of the dungeon, and saw 25 of its levels.
You visited the Abyss 1 time.

You collected 2865 gold pieces.
You spent 2110 gold pieces at shops.


Innate Abilities, Weirdness & Mutations

You are immune to sickness and miasma.
Your stone body is resilient. (AC +12)
You are immune to poison.
Your large and strong wings let you fly.
You resist negative energy. (rN+)
You are resistant to electric shocks. (rElec)
You are resistant to unholy torment.
You are immune to petrification.
You are robust. (+10% HP)


   Skills:
 - Level 15.2(20.2) Fighting
 - Level 16.0(21.0) Axes
 - Level 8.2(13.2) Throwing
 - Level 11.6(16.6) Armour
 - Level 4.0(9.0) Dodging
 + Level 15.6(20.6) Shields
 - Level 10.0 Invocations


You had 16 spell levels left.
You didn't know any spells.
Your spell library was empty.

Inventory:

Hand Weapons
 r - a +9 war axe of venom (weapon)
 w - a +1 hand axe of flaming
Missiles
 B - 6 boomerangs
 G - a silver javelin (quivered)
 J - a javelin
Armour
 a - a +0 cloak
 g - a +0 helmet
 h - a scarf of resistance (worn)
 p - a +1 pair of boots (worn)
 u - +0 acid dragon scales
 v - a +2 pair of gloves (worn)
 A - the +0 hat "Lib Keiq" (worn) {rC++ Str+3 Dex-3}
   (Okawaru gifted it to you on level 15 of the Dungeon)

   Str:       It affects your strength (+3).
   Dex:       It affects your dexterity (-3).
   rC:        It greatly protects you from cold.
 D - the +5 chain mail of Makhleb's Hope (worn) {rC+ Str+3}
   (You found it on level 5 of the Lair of Beasts)

   Str:       It affects your strength (+3).
   rC:        It protects you from cold.
 I - a +1 tower shield of protection (worn)
Jewellery
 c - a +6 ring of strength (right hand)
 m - a ring of resist corrosion
 q - a +5 ring of evasion (left hand)
 s - a ring of protection from cold
 x - a ring of resist corrosion
 y - an amulet of reflection
 C - an amulet of faith (around neck)
 F - a ring of protection from cold
Scrolls
 b - 10 scrolls of teleportation
 l - 12 scrolls of identify
 H - 2 scrolls of enchant weapon
Potions
 d - a potion of might
 e - a potion of cancellation
 f - 3 potions of heal wounds
 i - 2 potions of magic
 j - 15 potions of curing
 n - 2 potions of resistance
 o - 2 potions of lignification
 t - 2 potions of haste
 z - 5 potions of attraction
 E - a potion of mutation

Dungeon Overview and Level Annotations

Branches:
Dungeon (15/15)            Temple (1/1) D:7            Lair (5/5) D:9
  Swamp (0/4) Lair:2        Snake (2/4) Lair:2        Slime (0/5) Lair:5
    Orc (2/2) D:11            Elf (0/3) Orc:2        Vaults (0/5) D:13
 Depths (0/4) D:15

Altars:
Ashenzari
Cheibriados
Dithmenos
Elyvilon
Fedhas
Gozag
Hepliaklqana
Kikubaaqudgha
Makhleb
Nemelex Xobeh
Okawaru
Qazlal
Ru
Sif Muna
Trog
Uskayaw
Vehumet
Wu Jian
Xom
Yredelemnul
Zin
The Shining One
Jiyva

Shops:
D:4 [   D:9 [   Orc:2 =*:=   Snake:1 *!   Snake:2 ?*(

Annotations:
D:9 3 runed translucent doors, qw's ghost, novice MiHu
D:13 3 runed translucent doors, qw's ghost, journeyman GrHu
D:15 exclusion: vampire mage


Message History

You miss the anaconda.
The anaconda is severely wounded.
You slash the shock serpent!
The shock serpent looks as sick as possible!
You miss the shock serpent.
You carve the shock serpent like a ham!!!
You kill the shock serpent!
Okawaru accepts your kill.
The air sparks with electricity, shocking you!
You resist.
The shock serpent's electric aura discharges, shocking you!
You resist.
The guardian serpent casts a spell at you.
The guardian serpent blinks!
The mana viper blinks!
The anaconda closely misses you. The anaconda constricts you.
You block the shock serpent's attack.
The shock serpent bites you but does no damage.
You hit the anaconda but do no damage.
The anaconda looks as sick as possible!
The anaconda is severely wounded.
You hit the shock serpent.
The shock serpent looks as sick as possible!
You miss the guardian serpent. You slice the mana viper!!
You slash the shock serpent!
The shock serpent looks as sick as possible!
You slice the black mamba!!
The black mamba is poisoned.
The shock serpent's electric aura discharges, shocking you!
You resist. You block the anaconda's attack. The anaconda constricts you.
The guardian serpent hits you! You block the shock serpent's attack.
The mana viper bites you!
You feel your power leaking away. You block the black mamba's attack.
The shock serpent bites you! The shock serpent shocks you. You resist.
The anaconda bites you! The anaconda constricts you.
The guardian serpent hits you.
26484 ||| READING 11 scrolls of teleportation.
As you read the scroll of teleportation, it crumbles to dust.
You feel strangely unstable. You block the shock serpent's attack.
The mana viper closely misses you. You block the black mamba's attack.
The anaconda barely misses you. The anaconda constricts you.
You die...

#.%..#
##...##
#....##
##....#
##...##
#....#
##...#
#SS.#
#@S.#
#SSS(#
#SS.##
....#
.ยค)S##
#(..##
....
#...#


You could see a sea snake, an anaconda (extremely poisoned), 2 shock serpents, a
mana viper, 2 guardian serpents, a black mamba (very poisoned) and a water
moccasin.

Vanquished Creatures
  Kirke (Lair:5)
  2 nagarajas (Snake:2)
  2 orc warlords (Orc:1)
  A stone giant (Orc:2)
  A red draconian (Abyss:3)
  Josephine (Lair:5)
  An ice dragon (Lair:3)
  2 hydras
  4 anacondas
  2 ogre magi
  5 centaur warriors
  A catoblepas (D:14)
  18 death yaks
  2 dancing weapons (D:13)
  13 two-headed ogres
  7 naga warriors (Snake:2)
  8 boulder beetles
  An orc high priest (Orc:2)
  4 shock serpents (Snake:1)
  A vampire mage (D:15)
  3 naga sharpshooters (Snake:2)
  Sonja (Lair:5)
  6 skeletal warriors
  4 skysharks
  A spark wasp zombie (D:15)
  2 salamander mystics
  A golden dragon zombie (D:15)
  2 sea snakes (Snake:1)
  A wizard (D:14)
  A naga ritualist (Snake:1)
  A bog body (Lair:2)
  A deep elf pyromancer (D:14)
  9 mana vipers
  9 orc knights
  9 orc sorcerers
  A necromancer (D:15)
  5 ugly things (D:15)
  An iron dragon zombie (D:15)
  2 salamanders (Snake:1)
  6 manticores
  6 elephants
  5 cyclopes
  Joseph (Lair:1)
  14 black mambas
  A guardian serpent (Snake:2)
  7 naga magi
  2 gargoyles
  A torpor snail (Lair:3)
  Maggie (D:8)
  A spriggan zombie (D:15)
  11 cane toads
  3 kobold demonologists
  A rime drake (Lair:4)
  An unseen horror (D:10)
  A guardian mummy (D:15)
  3 efreet
  10 komodo dragons
  A meliai (shapeshifter) (D:14)
  4 polar bears
  11 trolls
  3 meliai (D:14)
  7 hornets
  5 saltlings (Orc:2)
  8 blink frogs
  19 slime creatures
  5 dream sheep (Lair:5)
  15 spriggans (Lair:5)
  A shadow (D:10)
  2 humans (Lair:5)
  A vampire (D:9)
  4 wyverns
  49 yaks
  6 wraiths
  3 basilisks
  4 hogs (Lair:5)
  A steam dragon (D:9)
  A fire elemental (D:14)
  Edmund (D:4)
  5 vampire mosquitoes
  20 nagas
  6 wargs
  An acid dragon (D:13)
  21 water moccasins
  An ice beast (D:7)
  31 orc warriors
  8 black bears
  3 boggarts (Lair:5)
  8 ogres
  11 centaurs
  22 wolves
  5 kobold brigands
  14 bullfrogs
  2 scorpions
  3 gnoll sergeants
  18 wights
  A howler monkey (D:10)
  An electric eel (Lair:3)
  8 hounds
  3 lava snakes (D:15)
  13 orc priests
  A gnoll bouda (D:5)
  An iguana (D:6)
  2 sleepcaps
  Natasha (twice) (D:2)
  24 orc wizards
  4 hell rats (Lair:5)
  5 adders
  22 gnolls
  3 shadow imps
  3 white imps
  An ufetubus (D:4)
  A dart slug (D:1)
  99 orcs
  5 ball pythons
  7 bats
  8 endoplasms
  A giant cockroach (D:4)
  6 goblins
  12 hobgoblins
  5 jackals
  3 quokkas
  6 frilled lizards
  28 kobolds
  8 rats
825 creatures vanquished.

Vanquished Creatures (others)
  A vampire (D:11)
1 creature vanquished.

Grand Total: 826 creatures vanquished

Notes
Turn   | Place    | Note
-------+----------+-------------------------------------------
     0 | D:1      | qw the Gargoyle Fighter began the quest for the Orb.
     0 | D:1      | Reached XP level 1. HP: 14/14 MP: 1/1
     0 | D:1      | 0 ||| qw: Version: 0.2-a-29-gc1b59c4
     0 | D:1      | 0 ||| qw: Game counter: 4561
     0 | D:1      | 0 ||| qw: Always use a shield: true
     0 | D:1      | 0 ||| qw: God list: Okawaru
     0 | D:1      | 0 ||| qw: Allow faded altars: false
     0 | D:1      | 0 ||| qw: Do Orc after D:15 true
     0 | D:1      | 0 ||| qw: Do second Lair branch before Depths: true
     0 | D:1      | 0 ||| qw: Lair rune preference: random
     0 | D:1      | 0 ||| qw: Plans: Normal, Zot:1-4, Slime:5, God:TSO, Crypt,
                  | Tomb, Abyss, Pan, Hells, Win
     0 | D:1      | 0 ||| PLANNING D:1-11
    81 | D:1      | 81 ||| FLEEEEING.
    82 | D:1      | 82 ||| FLEEEEING.
    84 | D:1      | 84 ||| FLEEEEING.
    85 | D:1      | 85 ||| FLEEEEING.
    98 | D:1      | Reached skill level 2 in Axes
   175 | D:1      | Reached XP level 2. HP: 19/19 MP: 2/2
   205 | D:1      | Found a faded altar of an unknown god.
   261 | D:1      | 261 ||| Stepping ~*~*~tactically~*~*~ (stealth).
   263 | D:1      | 263 ||| Stepping ~*~*~tactically~*~*~ (hiding).
   339 | D:1      | 339 ||| SWAPPING to +2 war axe of venom.
   340 | D:1      | 340 ||| DROPPING +0 war axe.
   383 | D:1      | Reached skill level 3 in Axes
   428 | D:1      | Reached XP level 3. HP: 23/23 MP: 3/3
   567 | D:1      | 567 ||| Stepping ~*~*~tactically~*~*~ (stealth).
   714 | D:1      | 714 ||| UPGRADING to +0 cloak.
   719 | D:1      | 719 ||| UPGRADING to +0 pair of gloves.
   724 | D:1      | 724 ||| READING scroll labelled SOQUH UTOSECW.
   825 | D:1      | 825 ||| DRINKING 2 fizzy coppery potions.
   826 | D:1      | 826 ||| DROPPING potion of brilliance.
   964 | D:2      | 964 ||| Stepping ~*~*~tactically~*~*~ (stealth).
  1162 | D:2      | Noticed Natasha
  1170 | D:2      | Killed Natasha
  1171 | D:2      | Reached skill level 4 in Axes
  1171 | D:2      | Reached XP level 4. HP: 27/28 MP: 4/4
  1187 | D:2      | 1187 ||| Stepping ~*~*~tactically~*~*~ (hiding).
  1515 | D:2      | Noticed Natasha
  1520 | D:2      | Killed Natasha
  1553 | D:2      | 1553 ||| UPGRADING to +2 buckler.
  1563 | D:2      | 1563 ||| DROPPING +0 buckler.
  1564 | D:2      | 1564 ||| DROPPING amulet of magic regeneration.
  1565 | D:2      | 1565 ||| READING scroll labelled KEBUOWN XIMASEWN.
  1566 | D:2      | 1566 ||| READING scroll labelled ITERCHY ILOR.
  1567 | D:2      | 1567 ||| READING scroll labelled RYSHRI RIDU.
  1568 | D:2      | 1568 ||| READING scroll labelled UNOTEGU TEIDA.
  1569 | D:2      | 1569 ||| READING scroll labelled WISCHE YLEGG.
  1699 | D:3      | 1699 ||| Stepping ~*~*~tactically~*~*~ (hiding).
  1816 | D:3      | 1816 ||| DROPPING +0 mace.
  1891 | D:3      | Reached XP level 5. HP: 32/32 MP: 5/5
  2361 | D:3      | 2361 ||| Stepping ~*~*~tactically~*~*~ (stealth).
  2377 | D:3      | Reached skill level 5 in Axes
  2408 | D:3      | 2408 ||| Stepping ~*~*~tactically~*~*~ (stealth).
  2414 | D:3      | Reached XP level 6. HP: 38/38 MP: 6/6
  2432 | D:3      | 2432 ||| UPGRADING to scarf of resistance.
  2442 | D:3      | 2442 ||| UPGRADING to +0 chain mail.
  2452 | D:3      | 2452 ||| DROPPING +0 scale mail.
  2453 | D:3      | 2453 ||| UPGRADING to ring of resist corrosion.
  2454 | D:3      | 2454 ||| READING scroll labelled ZEANUY SOTU.
  2455 | D:3      | 2455 ||| READING scroll labelled CUSAKL ZEUMALOO.
  2456 | D:3      | 2456 ||| READING scroll labelled MUTOTUWIOTT.
  2459 | D:3      | 2459 ||| DRINKING 2 inky potions.
  2498 | D:4      | 2498 ||| Stepping ~*~*~tactically~*~*~ (stealth).
  2505 | D:4      | Noticed a black bear
  2515 | D:4      | Killed a black bear
  2520 | D:4      | 2520 ||| FLEEEEING.
  2525 | D:4      | 2525 ||| STAIRDANCE
  2642 | D:4      | Found Jiulustrudi's Armour Shoppe.
  2649 | D:4      | Noticed Edmund
  2653 | D:4      | Reached skill level 6 in Axes
  2653 | D:4      | 2653 ||| FLEEEEING.
  2658 | D:4      | 2658 ||| FLEEEEING.
  2659 | D:4      | 2659 ||| FLEEEEING.
  2660 | D:4      | 2660 ||| FLEEEEING.
  2661 | D:4      | 2661 ||| FLEEEEING.
  2662 | D:4      | 2662 ||| FLEEEEING.
  2664 | D:4      | 2664 ||| FLEEEEING.
  2665 | D:4      | 2665 ||| FLEEEEING.
  2667 | D:4      | 2667 ||| FLEEEEING.
  2668 | D:4      | 2668 ||| STAIRDANCE
  2765 | D:4      | Killed Edmund
  2766 | D:4      | Reached XP level 7. HP: 34/43 MP: 7/7
  2798 | D:4      | 2798 ||| DROPPING +0 flail.
  2841 | D:4      | 2841 ||| BUYING +0 helmet (45 gold).
  2841 | D:4      | Bought a +0 helmet for 45 gold pieces
  2841 | D:4      | 2841 ||| BUYING +0 kite shield (45 gold).
  2841 | D:4      | Bought a +0 kite shield for 45 gold pieces
  2841 | D:4      | 2841 ||| SHOPLISTING +0 scale mail of the Nine Friends
                  | {Harm Fly SInv} (173 gold, have 68).
  2841 | D:4      | 2841 ||| SHOPLISTING +2 chain mail of positive energy (185
                  | gold, have 68).
  3104 | D:4      | Found a white marble altar of Elyvilon.
  3233 | D:4      | 3233 ||| Stepping ~*~*~tactically~*~*~ (hiding).
  3234 | D:4      | 3234 ||| Stepping ~*~*~tactically~*~*~ (hiding).
  3344 | D:4      | 3344 ||| UPGRADING to +0 helmet.
  3349 | D:4      | 3349 ||| UPGRADING to +0 kite shield.
  3359 | D:4      | 3359 ||| UPGRADING to +0 plate armour.
  3369 | D:4      | 3369 ||| DROPPING +2 buckler.
  3370 | D:4      | 3370 ||| DROPPING +0 chain mail.
  3371 | D:4      | 3371 ||| UPGRADING to +0 pair of boots.
  3402 | D:5      | Entered Level 5 of the Dungeon
  3419 | D:5      | 3419 ||| Stepping ~*~*~tactically~*~*~ (stealth).
  3457 | D:5      | Identified the +0 mace of Contradiction {drain, rElec Int+4
                  | SInv}
  3459 | D:5      | 3459 ||| DROPPING +0 mace of Contradiction {drain, rElec
                  | Int+4 SInv}.
  3487 | D:5      | 3487 ||| Stepping ~*~*~tactically~*~*~ (hiding).
  3493 | D:5      | 3493 ||| DRINKING 5 potions of curing.
  3493 | D:5      | 3493 ||| (to cure confusion)
  3500 | D:5      | Reached XP level 8. HP: 46/48 MP: 8/8
  3517 | D:5      | 3517 ||| Stepping ~*~*~tactically~*~*~ (hiding).
  3518 | D:5      | 3518 ||| Stepping ~*~*~tactically~*~*~ (hiding).
  3631 | D:5      | 3631 ||| Stepping ~*~*~tactically~*~*~ (stealth).
  3805 | D:5      | 3805 ||| Stepping ~*~*~tactically~*~*~ (hiding).
  3810 | D:5      | Reached skill level 6 in Shields
  4016 | D:5      | 4016 ||| Stepping ~*~*~tactically~*~*~ (hiding).
  4017 | D:5      | 4017 ||| Stepping ~*~*~tactically~*~*~ (hiding).
  4019 | D:5      | 4019 ||| Stepping ~*~*~tactically~*~*~ (hiding).
  4064 | D:5      | 4064 ||| Stepping ~*~*~tactically~*~*~ (hiding).
  4488 | D:5      | 4488 ||| DROPPING scarf of invisibility.
  4489 | D:5      | 4489 ||| READING scroll labelled PEACLY TATSUIN.
  4490 | D:5      | 4490 ||| READING scroll labelled ROMPUA FYPPENEOX.
  4635 | D:6      | 4635 ||| READING 3 scrolls of enchant weapon.
  4635 | D:6      | 4635 ||| ENCHANTING +3 war axe of venom.
  4636 | D:6      | 4636 ||| READING 2 scrolls of enchant weapon.
  4636 | D:6      | 4636 ||| ENCHANTING +4 war axe of venom.
  4637 | D:6      | 4637 ||| READING scroll of enchant weapon.
  4637 | D:6      | 4637 ||| ENCHANTING +5 war axe of venom.
  4647 | D:6      | 4647 ||| Stepping ~*~*~tactically~*~*~ (hiding).
  4846 | D:6      | 4846 ||| Stepping ~*~*~tactically~*~*~ (hiding).
  4870 | D:6      | Reached skill level 7 in Axes
  4875 | D:6      | 4875 ||| Stepping ~*~*~tactically~*~*~ (stealth).
  4877 | D:6      | 4877 ||| Stepping ~*~*~tactically~*~*~ (stealth).
  5331 | D:7      | 5331 ||| READING scroll of enchant weapon.
  5331 | D:7      | 5331 ||| ENCHANTING +6 war axe of venom.
  5355 | D:7      | 5355 ||| Stepping ~*~*~tactically~*~*~ (stealth).
  5452 | D:7      | 5452 ||| Stepping ~*~*~tactically~*~*~ (hiding).
  5453 | D:7      | 5453 ||| Stepping ~*~*~tactically~*~*~ (hiding).
  5635 | D:7      | Reached XP level 9. HP: 54/54 MP: 9/9
  5646 | D:7      | Reached skill level 1 in Throwing
  5891 | D:7      | Found a staircase to the Ecumenical Temple.
  5892 | D:7      | 5892 ||| PLANNING TEMPLE
  5946 | D:7      | 5946 ||| Stepping ~*~*~tactically~*~*~ (stealth).
  5948 | D:7      | 5948 ||| Stepping ~*~*~tactically~*~*~ (stealth).
  6112 | D:7      | 6112 ||| UPGRADING to +1 pair of gloves.
  6122 | D:7      | 6122 ||| DROPPING +0 pair of gloves.
  6123 | D:7      | 6123 ||| UPGRADING to amulet of guardian spirit.
  6128 | D:7      | 6128 ||| UPGRADING to ring of protection from cold.
  6129 | D:7      | 6129 ||| UPGRADING to +6 ring of strength.
  6131 | D:7      | 6131 ||| READING scroll labelled ORUORIORAP.
  6132 | D:7      | 6132 ||| DRINKING 2 bubbling emerald potions.
  6133 | D:7      | 6133 ||| READING 4 scrolls of identify.
  6133 | D:7      | 6133 ||| IDENTIFYING green potion
  6134 | D:7      | 6134 ||| READING 3 scrolls of identify.
  6134 | D:7      | 6134 ||| IDENTIFYING lumpy emerald potion
  6135 | D:7      | 6135 ||| READING 2 scrolls of identify.
  6135 | D:7      | 6135 ||| IDENTIFYING fuming black potion
  6136 | D:7      | 6136 ||| DROPPING potion of invisibility.
  6202 | D:8      | 6202 ||| Stepping ~*~*~tactically~*~*~ (hiding).
  6203 | D:8      | 6203 ||| Stepping ~*~*~tactically~*~*~ (hiding).
  6205 | D:8      | 6205 ||| Stepping ~*~*~tactically~*~*~ (stealth).
  6210 | D:8      | Reached skill level 8 in Axes
  6220 | D:8      | 6220 ||| STAIRDANCE
  6261 | D:8      | 6261 ||| Stepping ~*~*~tactically~*~*~ (stealth).
  6262 | D:8      | 6262 ||| Stepping ~*~*~tactically~*~*~ (stealth).
  6263 | D:8      | 6263 ||| Stepping ~*~*~tactically~*~*~ (stealth).
  6265 | D:8      | 6265 ||| Stepping ~*~*~tactically~*~*~ (stealth).
  6398 | Temple   | Entered the Ecumenical Temple
  6451 | Temple   | 6451 ||| PLANNING OKAWARU WORSHIP
  6579 | Temple   | Became a worshipper of Warmaster Okawaru
  6579 | Temple   | 6579 ||| PLANNING D:1-11
  6580 | Temple   | 6580 ||| REMOVING amulet of guardian spirit.
  6650 | D:8      | Reached skill level 6 in Fighting
  6739 | D:8      | 6739 ||| Stepping ~*~*~tactically~*~*~ (stealth).
  6742 | D:8      | 6742 ||| Stepping ~*~*~tactically~*~*~ (stealth).
  6756 | D:8      | 6756 ||| DROPPING +0 flail of venom.
  6981 | D:8      | Found a burning altar of Makhleb.
  7006 | D:8      | Noticed Maggie
  7018 | D:8      | Killed Maggie
  7053 | D:8      | 7053 ||| Stepping ~*~*~tactically~*~*~ (stealth).
  7056 | D:8      | 7056 ||| Stepping ~*~*~tactically~*~*~ (stealth).
  7057 | D:8      | 7057 ||| Stepping ~*~*~tactically~*~*~ (stealth).
  7059 | D:8      | 7059 ||| Stepping ~*~*~tactically~*~*~ (stealth).
  7060 | D:8      | 7060 ||| Stepping ~*~*~tactically~*~*~ (stealth).
  7245 | D:8      | 7245 ||| READING scroll labelled KACWOU TYGO.
  7295 | D:9      | Reached * piety under Okawaru
  7307 | D:9      | 7307 ||| Stepping ~*~*~tactically~*~*~ (hiding).
  7308 | D:9      | 7308 ||| Stepping ~*~*~tactically~*~*~ (hiding).
  7309 | D:9      | 7309 ||| Stepping ~*~*~tactically~*~*~ (hiding).
  7310 | D:9      | 7310 ||| Stepping ~*~*~tactically~*~*~ (hiding).
  7337 | D:9      | Reached skill level 1 in Invocations
  7375 | D:9      | Reached XP level 10. HP: 53/60 MP: 11/11
  7379 | D:9      | Reached skill level 9 in Axes
  7381 | D:9      | 7381 ||| INVOKING Heroism.
  7385 | D:9      | Reached skill level 3 in Invocations
  7388 | D:9      | Reached skill level 6 in Armour
  7390 | D:9      | 7390 ||| FLEEEEING.
  7391 | D:9      | 7391 ||| FLEEEEING.
  7392 | D:9      | 7392 ||| FLEEEEING.
  7393 | D:9      | 7393 ||| FLEEEEING.
  7394 | D:9      | 7394 ||| FLEEEEING.
  7394 | D:9      | Found a runed translucent gate.
  7395 | D:9      | 7395 ||| FLEEEEING.
  7396 | D:9      | 7396 ||| FLEEEEING.
  7397 | D:9      | 7397 ||| FLEEEEING.
  7398 | D:9      | 7398 ||| STAIRDANCE
  7517 | D:9      | 7517 ||| STAIRDANCE
  7519 | D:8      | 7519 ||| INVOKING Heroism.
  7524 | D:8      | Reached ** piety under Okawaru
  7677 | D:9      | Found a runed translucent gate.
  7678 | D:9      | Found a runed translucent gate.
  7687 | D:9      | 7687 ||| INVOKING Heroism.
  7717 | D:9      | Noticed qw's ghost (novice MiHu)
  7786 | D:9      | 7786 ||| INVOKING Heroism.
  7788 | D:9      | Reached skill level 9 in Shields
  7845 | D:9      | 7845 ||| Stepping ~*~*~tactically~*~*~ (stealth).
  7877 | D:9      | 7877 ||| Stepping ~*~*~tactically~*~*~ (stealth).
  7932 | D:9      | Found a shimmering altar of Xom.
  7932 | D:9      | Found a shimmering blue altar of Sif Muna.
  7939 | D:9      | Found a staircase to the Lair.
  8001 | D:9      | Found a stormy altar of Qazlal.
  8034 | D:9      | Noticed a two-headed ogre
  8035 | D:9      | 8035 ||| INVOKING Heroism.
  8043 | D:9      | Killed a two-headed ogre
  8043 | D:9      | Reached *** piety under Okawaru
  8044 | D:9      | Reached skill level 10 in Axes
  8098 | D:9      | Identified the +9 mace of Ciluleig {heavy, rElec rPois
                  | Will-}
  8106 | D:9      | Found Tazenan's Armour Shop.
  8287 | D:9      | 8287 ||| INVOKING Heroism.
  8293 | D:9      | Reached XP level 11. HP: 64/67 MP: 11/14
  8388 | D:9      | 8388 ||| FLEEEEING.
  8389 | D:9      | 8389 ||| FLEEEEING.
  8390 | D:9      | 8390 ||| FLEEEEING.
  8391 | D:9      | 8391 ||| FLEEEEING.
  8392 | D:9      | 8392 ||| FLEEEEING.
  8393 | D:9      | 8393 ||| FLEEEEING.
  8398 | D:9      | 8398 ||| FLEEEEING.
  8399 | D:9      | 8399 ||| FLEEEEING.
  8400 | D:9      | 8400 ||| FLEEEEING.
  8401 | D:9      | 8401 ||| FLEEEEING.
  8402 | D:9      | 8402 ||| FLEEEEING.
  8403 | D:9      | 8403 ||| FLEEEEING.
  8406 | D:9      | 8406 ||| FLEEEEING.
  8408 | D:9      | 8408 ||| FLEEEEING.
  8409 | D:9      | 8409 ||| FLEEEEING.
  8410 | D:9      | 8410 ||| FLEEEEING.
  8411 | D:9      | 8411 ||| FLEEEEING.
  8424 | D:9      | 8424 ||| INVOKING Heroism.
  8444 | D:9      | 8444 ||| Stepping ~*~*~tactically~*~*~ (stealth).
  8445 | D:9      | 8445 ||| Stepping ~*~*~tactically~*~*~ (stealth).
  8446 | D:9      | 8446 ||| Stepping ~*~*~tactically~*~*~ (stealth).
  8452 | D:9      | 8452 ||| INVOKING Heroism.
  8466 | D:9      | 8466 ||| FLEEEEING.
  8473 | D:9      | 8473 ||| STAIRDANCE
  8545 | D:8      | 8545 ||| READING 3 scrolls of identify.
  8545 | D:8      | 8545 ||| IDENTIFYING viscous amethyst potion
  8546 | D:8      | 8546 ||| READING 2 scrolls of identify.
  8546 | D:8      | 8546 ||| IDENTIFYING silvery potion
  8547 | D:8      | 8547 ||| DROPPING potion of berserk rage.
  8558 | D:9      | 8558 ||| Stepping ~*~*~tactically~*~*~ (stealth).
  8612 | D:9      | 8612 ||| Stepping ~*~*~tactically~*~*~ (stealth).
  8674 | D:9      | 8674 ||| INVOKING Heroism.
  8719 | D:9      | 8719 ||| Stepping ~*~*~tactically~*~*~ (hiding).
  8720 | D:9      | 8720 ||| Stepping ~*~*~tactically~*~*~ (hiding).
  8721 | D:9      | 8721 ||| Stepping ~*~*~tactically~*~*~ (hiding).
  8722 | D:9      | 8722 ||| Stepping ~*~*~tactically~*~*~ (hiding).
  8723 | D:9      | 8723 ||| Stepping ~*~*~tactically~*~*~ (hiding).
  8724 | D:9      | 8724 ||| Stepping ~*~*~tactically~*~*~ (hiding).
  8725 | D:9      | 8725 ||| Stepping ~*~*~tactically~*~*~ (hiding).
  8726 | D:9      | 8726 ||| Stepping ~*~*~tactically~*~*~ (hiding).
  8977 | D:9      | 8977 ||| PLANNING LAIR
  9012 | Lair:1   | Entered Level 1 of the Lair of Beasts
  9013 | Lair:1   | 9013 ||| PLANNING GAUNTLET
  9067 | Lair:1   | Noticed a boulder beetle
  9068 | Lair:1   | 9068 ||| INVOKING Heroism.
  9076 | Lair:1   | Killed a boulder beetle
  9077 | Lair:1   | Reached skill level 3 in Throwing
  9096 | Lair:1   | 9096 ||| INVOKING Heroism.
  9139 | Lair:1   | Noticed a death yak
  9139 | Lair:1   | Noticed a death yak
  9140 | Lair:1   | 9140 ||| Stepping ~*~*~tactically~*~*~ (stealth).
  9141 | Lair:1   | Noticed a death yak
  9142 | Lair:1   | 9142 ||| INVOKING Heroism.
  9143 | Lair:1   | 9143 ||| Stepping ~*~*~tactically~*~*~ (stealth).
  9151 | Lair:1   | Killed a death yak
  9153 | Lair:1   | Noticed a death yak
  9154 | Lair:1   | Killed a death yak
  9155 | Lair:1   | Reached skill level 11 in Axes
  9158 | Lair:1   | Noticed a death yak
  9160 | Lair:1   | 9160 ||| INVOKING Heroism.
  9163 | Lair:1   | Killed a death yak
  9172 | Lair:1   | Killed a death yak
  9173 | Lair:1   | Killed a death yak
  9173 | Lair:1   | Reached **** piety under Okawaru
  9426 | Lair:1   | 9426 ||| Stepping ~*~*~tactically~*~*~ (hiding).
  9431 | Lair:1   | Noticed Joseph
  9436 | Lair:1   | 9436 ||| FLEEEEING.
  9437 | Lair:1   | 9437 ||| FLEEEEING.
  9447 | Lair:1   | Killed Joseph
  9464 | Lair:1   | Found a gate leading to a gauntlet.
  9465 | Lair:1   | 9465 ||| INVOKING Heroism.
  9571 | Lair:1   | 9571 ||| READING 4 scrolls of identify.
  9571 | Lair:1   | 9571 ||| IDENTIFYING metallic sapphire potion
  9572 | Lair:1   | 9572 ||| DROPPING potion of degeneration.
  9665 | Lair:2   | 9665 ||| INVOKING Heroism.
  9672 | Lair:2   | Received a gift from Okawaru
  9673 | Lair:2   | Reached XP level 12. HP: 56/75 MP: 14/16
  9733 | Lair:2   | 9733 ||| Stepping ~*~*~tactically~*~*~ (stealth).
  9734 | Lair:2   | 9734 ||| Stepping ~*~*~tactically~*~*~ (stealth).
  9735 | Lair:2   | 9735 ||| Stepping ~*~*~tactically~*~*~ (stealth).
  9735 | Lair:2   | Found a staircase to the Swamp.
  9736 | Lair:2   | 9736 ||| Stepping ~*~*~tactically~*~*~ (stealth).
  9751 | Lair:2   | Reached skill level 6 in Invocations
  9814 | Lair:2   | 9814 ||| RIP GAUNTLET
  9814 | Lair:2   | 9814 ||| PLANNING LAIR
  9821 | Lair:2   | 9821 ||| INVOKING Heroism.
  9854 | Lair:2   | Reached skill level 9 in Fighting
  9927 | Lair:2   | Found a staircase to the Snake Pit.
 10538 | Lair:2   | 10538 ||| INVOKING Heroism.
 10726 | Lair:2   | 10726 ||| READING 4 scrolls of identify.
 10726 | Lair:2   | 10726 ||| IDENTIFYING smoky golden potion
 10727 | Lair:2   | 10727 ||| READING 3 scrolls of identify.
 10727 | Lair:2   | 10727 ||| IDENTIFYING fizzy green potion
 10728 | Lair:2   | 10728 ||| DROPPING potion of ambrosia.
 10735 | Lair:3   | Noticed a death yak
 10736 | Lair:3   | 10736 ||| INVOKING Heroism.
 10736 | Lair:3   | Noticed a death yak
 10739 | Lair:3   | Noticed a death yak
 10744 | Lair:3   | 10744 ||| STAIRDANCE
 10747 | Lair:2   | Killed a death yak
 10903 | Lair:3   | 10903 ||| STAIRDANCE
 10905 | Lair:2   | 10905 ||| INVOKING Heroism.
 10911 | Lair:2   | Killed a death yak
 10911 | Lair:2   | Reached ***** piety under Okawaru
 10912 | Lair:2   | 10912 ||| INVOKING Finesse.
 10913 | Lair:2   | Killed a death yak
 11097 | Lair:3   | 11097 ||| Stepping ~*~*~tactically~*~*~ (stealth).
 11114 | Lair:3   | Reached skill level 12 in Axes
 11178 | Lair:3   | 11178 ||| INVOKING Heroism.
 11181 | Lair:3   | 11181 ||| Stepping ~*~*~tactically~*~*~ (stealth).
 11186 | Lair:3   | 11186 ||| Stepping ~*~*~tactically~*~*~ (stealth).
 11287 | Lair:3   | 11287 ||| INVOKING Heroism.
 11296 | Lair:3   | Reached skill level 9 in Invocations
 11434 | Lair:3   | 11434 ||| INVOKING Heroism.
 11441 | Lair:3   | Reached skill level 9 in Armour
 11466 | Lair:3   | Noticed a four-headed hydra
 11467 | Lair:3   | 11467 ||| INVOKING Finesse.
 11471 | Lair:3   | 11471 ||| SWAPPING to +0 morningstar.
 11473 | Lair:3   | 11473 ||| INVOKING Heroism.
 11475 | Lair:3   | Killed a four-headed hydra
 11476 | Lair:3   | 11476 ||| SWAPPING to +7 war axe of venom.
 11536 | Lair:3   | Noticed a skyshark
 11544 | Lair:3   | 11544 ||| INVOKING Heroism.
 11549 | Lair:3   | Reached XP level 13. HP: 51/80 MP: 17/20
 11784 | Lair:3   | 11784 ||| INVOKING Heroism.
 11858 | Lair:3   | Noticed an ice dragon
 11859 | Lair:3   | 11859 ||| INVOKING Heroism.
 11875 | Lair:3   | Killed an ice dragon
 12100 | Lair:3   | 12100 ||| INVOKING Heroism.
 12101 | Lair:3   | 12101 ||| Stepping ~*~*~tactically~*~*~ (stealth).
 12124 | Lair:3   | 12124 ||| INVOKING Finesse.
 12463 | Lair:3   | 12463 ||| READING 4 scrolls of identify.
 12463 | Lair:3   | 12463 ||| IDENTIFYING grey potion
 12485 | Lair:4   | 12485 ||| INVOKING Heroism.
 12618 | Lair:4   | 12618 ||| INVOKING Heroism.
 12734 | Lair:4   | Received a gift from Okawaru
 12824 | Lair:4   | 12824 ||| INVOKING Heroism.
 12985 | Lair:4   | 12985 ||| INVOKING Heroism.
 12989 | Lair:4   | 12989 ||| SWAPPING to +0 morningstar.
 12995 | Lair:4   | 12995 ||| SWAPPING to +7 war axe of venom.
 13246 | Lair:4   | 13246 ||| INVOKING Heroism.
 13257 | Lair:4   | Received a gift from Okawaru
 13258 | Lair:4   | Reached skill level 13 in Axes
 13396 | Lair:4   | 13396 ||| UPGRADING to amulet of faith.
 13401 | Lair:4   | 13401 ||| READING scroll labelled QAROOGICUA.
 13402 | Lair:4   | 13402 ||| READING scroll labelled QOUPPO QYUD.
 13427 | Lair:5   | Entered Level 5 of the Lair of Beasts
 13431 | Lair:5   | 13431 ||| STAIRDANCE
 13434 | Lair:4   | 13434 ||| INVOKING Heroism.
 13557 | Lair:5   | 13557 ||| STAIRDANCE
 13559 | Lair:4   | 13559 ||| INVOKING Heroism.
 13679 | Lair:5   | Noticed Josephine
 13681 | Lair:5   | 13681 ||| STAIRDANCE
 13752 | Lair:5   | Killed Josephine
 13788 | Lair:5   | 13788 ||| INVOKING Heroism.
 13789 | Lair:5   | 13789 ||| Stepping ~*~*~tactically~*~*~ (stealth).
 13790 | Lair:5   | 13790 ||| Stepping ~*~*~tactically~*~*~ (stealth).
 13816 | Lair:5   | 13816 ||| INVOKING Finesse.
 13825 | Lair:5   | HP: 19/82 [komodo dragon (16)]
 13826 | Lair:5   | 13826 ||| READING 8 scrolls of teleportation.
 13827 | Lair:5   | 13827 ||| DRINKING 3 potions of heal wounds.
 13827 | Lair:5   | HP: 9/82 [death yak (9)]
 13828 | Lair:5   | 13828 ||| DRINKING 2 potions of heal wounds.
 13928 | Lair:5   | 13928 ||| FLEEEEING.
 13930 | Lair:5   | 13930 ||| STAIRDANCE
 13972 | Lair:5   | 13972 ||| Stepping ~*~*~tactically~*~*~ (stealth).
 13974 | Lair:5   | 13974 ||| INVOKING Heroism.
 13975 | Lair:5   | 13975 ||| INVOKING Finesse.
 13988 | Lair:5   | Gained mutation: Your large and strong wings let you fly.
                  | [Gargoyle growth]
 13988 | Lair:5   | Reached XP level 14. HP: 81/88 MP: 14/21
 14082 | Lair:5   | Found a staircase to the Slime Pits.
 14126 | Lair:5   | Found a viscous altar of Jiyva.
 14149 | Lair:5   | Received a gift from Okawaru
 14150 | Lair:5   | Reached skill level 14 in Axes
 14153 | Lair:5   | Identified the +1 plate armour "Viruber" {rN+ Int+3 Dex+4
                  | Stlth-}
 14624 | Lair:5   | 14624 ||| Stepping ~*~*~tactically~*~*~ (stealth).
 14628 | Lair:5   | Noticed Kirke
 14629 | Lair:5   | 14629 ||| INVOKING Heroism.
 14630 | Lair:5   | 14630 ||| INVOKING Finesse.
 14659 | Lair:5   | Killed Kirke
 14671 | Lair:5   | Received a gift from Okawaru
 14674 | Lair:5   | 14674 ||| Stepping ~*~*~tactically~*~*~ (stealth).
 14678 | Lair:5   | 14678 ||| INVOKING Heroism.
 14756 | Lair:5   | 14756 ||| INVOKING Heroism.
 14794 | Lair:5   | 14794 ||| Stepping ~*~*~tactically~*~*~ (stealth).
 14796 | Lair:5   | 14796 ||| Stepping ~*~*~tactically~*~*~ (stealth).
 14806 | Lair:5   | Reached skill level 12 in Shields
 14811 | Lair:5   | 14811 ||| Stepping ~*~*~tactically~*~*~ (hiding).
 14814 | Lair:5   | 14814 ||| INVOKING Heroism.
 14880 | Lair:5   | 14880 ||| Stepping ~*~*~tactically~*~*~ (stealth).
 14894 | Lair:5   | 14894 ||| Stepping ~*~*~tactically~*~*~ (stealth).
 14955 | Lair:5   | 14955 ||| INVOKING Heroism.
 14956 | Lair:5   | Received a gift from Okawaru
 14959 | Lair:5   | Noticed Sonja
 14960 | Lair:5   | 14960 ||| INVOKING Finesse.
 14967 | Lair:5   | Killed Sonja
 15009 | Lair:5   | 15009 ||| INVOKING Heroism.
 15014 | Lair:5   | Received a gift from Okawaru
 15058 | Lair:5   | 15058 ||| Stepping ~*~*~tactically~*~*~ (stealth).
 15160 | Lair:5   | 15160 ||| Stepping ~*~*~tactically~*~*~ (stealth).
 15175 | Lair:5   | Identified the +5 chain mail of Makhleb's Hope {rC+ Str+3}
 15175 | Lair:5   | Identified the staff of earth "Goaseab" {Drain Fly Int+3}
 15192 | Lair:5   | 15192 ||| Stepping ~*~*~tactically~*~*~ (stealth).
 15244 | Lair:5   | 15244 ||| Stepping ~*~*~tactically~*~*~ (stealth).
 15523 | Lair:5   | 15523 ||| PLANNING D:1-11
 15523 | Lair:5   | 15523 ||| DROPPING +0 chain mail of fire resistance.
 15524 | Lair:5   | 15524 ||| UPGRADING to +1 plate armour "Viruber" {rN+ Int+3
                  | Dex+4 Stlth-}.
 15534 | Lair:5   | 15534 ||| DROPPING +0 plate armour.
 15535 | Lair:5   | 15535 ||| UPGRADING to +5 chain mail of Makhleb's Hope {rC+
                  | Str+3}.
 15545 | Lair:5   | 15545 ||| DROPPING +1 plate armour "Viruber" {rN+ Int+3
                  | Dex+4 Stlth-}.
 15546 | Lair:5   | 15546 ||| DROPPING amulet of guardian spirit.
 15705 | D:10     | Entered Level 10 of the Dungeon
 15730 | D:10     | 15730 ||| Stepping ~*~*~tactically~*~*~ (hiding).
 15913 | D:10     | 15913 ||| FLEEEEING.
 15914 | D:10     | 15914 ||| FLEEEEING.
 16330 | D:10     | 16330 ||| DROPPING ring of magical power.
 16331 | D:10     | 16331 ||| READING 6 scrolls of identify.
 16331 | D:10     | 16331 ||| IDENTIFYING murky puce potion
 16392 | D:11     | 16392 ||| Stepping ~*~*~tactically~*~*~ (hiding).
 16499 | D:11     | Found a staircase to the Orcish Mines.
 16573 | D:11     | 16573 ||| Stepping ~*~*~tactically~*~*~ (stealth).
 16650 | D:11     | 16650 ||| Stepping ~*~*~tactically~*~*~ (hiding).
 16652 | D:11     | 16652 ||| Stepping ~*~*~tactically~*~*~ (hiding).
 16704 | D:11     | 16704 ||| Stepping ~*~*~tactically~*~*~ (stealth).
 16706 | D:11     | 16706 ||| Stepping ~*~*~tactically~*~*~ (hiding).
 16708 | D:11     | 16708 ||| Stepping ~*~*~tactically~*~*~ (hiding).
 16709 | D:11     | 16709 ||| Stepping ~*~*~tactically~*~*~ (hiding).
 16717 | D:11     | Reached skill level 3 in Dodging
 16723 | D:11     | Reached skill level 15 in Axes
 16726 | D:11     | Received a gift from Okawaru
 16940 | D:11     | 16940 ||| FLEEEEING.
 16941 | D:11     | 16941 ||| FLEEEEING.
 16942 | D:11     | 16942 ||| FLEEEEING.
 16943 | D:11     | 16943 ||| FLEEEEING.
 16944 | D:11     | 16944 ||| FLEEEEING.
 16949 | D:11     | 16949 ||| FLEEEEING.
 17221 | D:11     | 17221 ||| DRINKING 11 potions of curing.
 17221 | D:11     | 17221 ||| (to cure confusion)
 17223 | D:11     | 17223 ||| Stepping ~*~*~tactically~*~*~ (hiding).
 17226 | D:11     | 17226 ||| Stepping ~*~*~tactically~*~*~ (hiding).
 17446 | D:11     | 17446 ||| PLANNING D
 17446 | D:11     | 17446 ||| DROPPING +1 pair of gloves of infusion.
 17560 | D:12     | 17560 ||| INVOKING Heroism.
 17783 | D:12     | Reached skill level 12 in Fighting
 17923 | D:12     | Reached XP level 15. HP: 94/96 MP: 22/22
 18099 | D:12     | 18099 ||| INVOKING Heroism.
 18228 | D:12     | 18228 ||| Stepping ~*~*~tactically~*~*~ (hiding).
 18229 | D:12     | 18229 ||| Stepping ~*~*~tactically~*~*~ (hiding).
 18514 | D:12     | 18514 ||| READING scroll labelled AHORHU QECU.
 18542 | D:13     | 18542 ||| Stepping ~*~*~tactically~*~*~ (stealth).
 18544 | D:13     | 18544 ||| Stepping ~*~*~tactically~*~*~ (hiding).
 18546 | D:13     | 18546 ||| INVOKING Heroism.
 18767 | D:13     | Found a runed translucent gate.
 18767 | D:13     | Found a runed translucent gate.
 18800 | D:13     | Found a runed translucent gate.
 18858 | D:13     | 18858 ||| Stepping ~*~*~tactically~*~*~ (stealth).
 18859 | D:13     | 18859 ||| Stepping ~*~*~tactically~*~*~ (stealth).
 18870 | D:13     | 18870 ||| INVOKING Heroism.
 18875 | D:13     | Reached skill level 16 in Axes
 19007 | D:13     | Found a gate to the Vaults.
 19095 | D:13     | 19095 ||| Stepping ~*~*~tactically~*~*~ (hiding).
 19269 | D:13     | 19269 ||| Stepping ~*~*~tactically~*~*~ (stealth).
 19271 | D:13     | 19271 ||| Stepping ~*~*~tactically~*~*~ (stealth).
 19275 | D:13     | 19275 ||| INVOKING Heroism.
 19276 | D:13     | 19276 ||| READING 10 scrolls of teleportation.
 19365 | D:13     | Noticed qw's ghost (journeyman GrHu)
 19391 | D:13     | 19391 ||| Stepping ~*~*~tactically~*~*~ (hiding).
 19392 | D:13     | 19392 ||| Stepping ~*~*~tactically~*~*~ (hiding).
 19398 | D:13     | Received a gift from Okawaru
 19806 | D:13     | 19806 ||| Stepping ~*~*~tactically~*~*~ (stealth).
 19942 | D:13     | 19942 ||| INVOKING Heroism.
 19955 | D:13     | Received a gift from Okawaru
 20131 | D:13     | 20131 ||| DROPPING +1 pair of gloves.
 20132 | D:13     | 20132 ||| DROPPING ring of ice.
 20246 | D:14     | 20246 ||| INVOKING Heroism.
 20250 | D:14     | 20250 ||| Stepping ~*~*~tactically~*~*~ (stealth).
 20269 | Abyss:3  | Cast into level 3 of the Abyss (a wizard)
 20292 | Abyss:3  | Noticed a tentacled starspawn
 20292 | Abyss:3  | 20292 ||| FLEEEEING.
 20294 | D:14     | Escaped the Abyss
 20305 | D:14     | 20305 ||| INVOKING Heroism.
 20503 | D:14     | 20503 ||| Stepping ~*~*~tactically~*~*~ (hiding).
 20505 | D:14     | 20505 ||| INVOKING Heroism.
 20734 | D:14     | 20734 ||| INVOKING Heroism.
 20776 | D:14     | Found a glowing silver altar of Zin.
 20785 | D:14     | 20785 ||| Stepping ~*~*~tactically~*~*~ (hiding).
 20786 | D:14     | 20786 ||| Stepping ~*~*~tactically~*~*~ (hiding).
 20787 | D:14     | 20787 ||| Stepping ~*~*~tactically~*~*~ (hiding).
 20798 | D:14     | 20798 ||| Stepping ~*~*~tactically~*~*~ (hiding).
 20800 | D:14     | 20800 ||| Stepping ~*~*~tactically~*~*~ (hiding).
 20802 | D:14     | 20802 ||| Stepping ~*~*~tactically~*~*~ (hiding).
 20803 | D:14     | 20803 ||| Stepping ~*~*~tactically~*~*~ (hiding).
 20804 | D:14     | 20804 ||| Stepping ~*~*~tactically~*~*~ (hiding).
 20983 | D:14     | 20983 ||| Stepping ~*~*~tactically~*~*~ (hiding).
 20984 | D:14     | 20984 ||| Stepping ~*~*~tactically~*~*~ (hiding).
 20985 | D:14     | 20985 ||| Stepping ~*~*~tactically~*~*~ (hiding).
 21106 | D:15     | Entered Level 15 of the Dungeon
 21158 | D:15     | 21158 ||| Stepping ~*~*~tactically~*~*~ (hiding).
 21160 | D:15     | 21160 ||| Stepping ~*~*~tactically~*~*~ (hiding).
 21163 | D:15     | 21163 ||| INVOKING Heroism.
 21172 | D:15     | Received a gift from Okawaru
 21277 | D:15     | 21277 ||| Stepping ~*~*~tactically~*~*~ (stealth).
 21279 | D:15     | 21279 ||| Stepping ~*~*~tactically~*~*~ (stealth).
 21302 | D:15     | Identified the +0 hat "Lib Keiq" {rC++ Str+3 Dex-3}
                  | (Okawaru gifted it to you on level 15 of the Dungeon)
 21302 | D:15     | Received a gift from Okawaru
 21426 | D:15     | 21426 ||| INVOKING Heroism.
 21621 | D:15     | 21621 ||| INVOKING Heroism.
 21635 | D:15     | 21635 ||| Stepping ~*~*~tactically~*~*~ (stealth).
 21636 | D:15     | 21636 ||| Stepping ~*~*~tactically~*~*~ (stealth).
 21637 | D:15     | 21637 ||| Stepping ~*~*~tactically~*~*~ (stealth).
 21663 | D:15     | 21663 ||| FLEEEEING.
 21664 | D:15     | 21664 ||| FLEEEEING.
 21665 | D:15     | 21665 ||| FLEEEEING.
 21666 | D:15     | 21666 ||| FLEEEEING.
 21667 | D:15     | 21667 ||| FLEEEEING.
 21668 | D:15     | 21668 ||| FLEEEEING.
 21669 | D:15     | 21669 ||| FLEEEEING.
 21670 | D:15     | 21670 ||| FLEEEEING.
 21671 | D:15     | 21671 ||| FLEEEEING.
 21676 | D:15     | 21676 ||| FLEEEEING.
 21677 | D:15     | 21677 ||| FLEEEEING.
 21678 | D:15     | 21678 ||| FLEEEEING.
 21679 | D:15     | 21679 ||| FLEEEEING.
 21680 | D:15     | 21680 ||| FLEEEEING.
 21681 | D:15     | 21681 ||| FLEEEEING.
 21682 | D:15     | 21682 ||| FLEEEEING.
 21683 | D:15     | 21683 ||| FLEEEEING.
 21684 | D:15     | 21684 ||| FLEEEEING.
 21685 | D:15     | 21685 ||| FLEEEEING.
 21686 | D:15     | 21686 ||| FLEEEEING.
 21687 | D:15     | 21687 ||| FLEEEEING.
 21688 | D:15     | 21688 ||| FLEEEEING.
 21689 | D:15     | 21689 ||| FLEEEEING.
 21690 | D:15     | 21690 ||| FLEEEEING.
 21691 | D:15     | 21691 ||| FLEEEEING.
 21692 | D:15     | 21692 ||| FLEEEEING.
 21698 | D:15     | 21698 ||| FLEEEEING.
 21699 | D:15     | 21699 ||| FLEEEEING.
 21700 | D:15     | 21700 ||| FLEEEEING.
 21701 | D:15     | 21701 ||| FLEEEEING.
 21702 | D:15     | 21702 ||| FLEEEEING.
 21703 | D:15     | 21703 ||| FLEEEEING.
 21704 | D:15     | 21704 ||| FLEEEEING.
 21705 | D:15     | 21705 ||| FLEEEEING.
 21706 | D:15     | 21706 ||| FLEEEEING.
 21707 | D:15     | 21707 ||| FLEEEEING.
 21708 | D:15     | 21708 ||| FLEEEEING.
 21709 | D:15     | 21709 ||| FLEEEEING.
 21710 | D:15     | 21710 ||| FLEEEEING.
 21711 | D:15     | 21711 ||| FLEEEEING.
 21712 | D:15     | 21712 ||| FLEEEEING.
 21713 | D:15     | 21713 ||| FLEEEEING.
 21714 | D:15     | 21714 ||| FLEEEEING.
 21715 | D:15     | 21715 ||| FLEEEEING.
 21716 | D:15     | 21716 ||| FLEEEEING.
 21720 | D:15     | 21720 ||| FLEEEEING.
 21731 | D:15     | 21731 ||| FLEEEEING.
 21732 | D:15     | 21732 ||| FLEEEEING.
 21733 | D:15     | 21733 ||| FLEEEEING.
 21734 | D:15     | 21734 ||| FLEEEEING.
 21735 | D:15     | 21735 ||| FLEEEEING.
 21736 | D:15     | 21736 ||| FLEEEEING.
 21737 | D:15     | 21737 ||| FLEEEEING.
 21738 | D:15     | 21738 ||| FLEEEEING.
 21739 | D:15     | 21739 ||| FLEEEEING.
 21741 | D:15     | 21741 ||| FLEEEEING.
 21742 | D:15     | 21742 ||| FLEEEEING.
 21743 | D:15     | 21743 ||| FLEEEEING.
 21744 | D:15     | 21744 ||| FLEEEEING.
 21745 | D:15     | 21745 ||| FLEEEEING.
 21829 | D:15     | 21829 ||| FLEEEEING.
 22225 | D:15     | Found a radiant altar of Vehumet.
 22270 | D:15     | 22270 ||| READING scroll of enchant armour.
 22270 | D:15     | 22270 ||| ENCHANTING +1 pair of gloves.
 22292 | D:15     | 22292 ||| Stepping ~*~*~tactically~*~*~ (stealth).
 22298 | D:15     | Reached XP level 16. HP: 105/105 MP: 23/23
 22303 | D:15     | 22303 ||| Stepping ~*~*~tactically~*~*~ (stealth).
 22305 | D:15     | 22305 ||| INVOKING Heroism.
 22396 | D:15     | 22396 ||| FLEEEEING.
 22397 | D:15     | 22397 ||| FLEEEEING.
 22398 | D:15     | 22398 ||| FLEEEEING.
 22399 | D:15     | 22399 ||| FLEEEEING.
 22400 | D:15     | 22400 ||| FLEEEEING.
 22401 | D:15     | 22401 ||| FLEEEEING.
 22402 | D:15     | 22402 ||| FLEEEEING.
 22403 | D:15     | 22403 ||| FLEEEEING.
 22405 | D:15     | 22405 ||| FLEEEEING.
 22406 | D:15     | 22406 ||| FLEEEEING.
 22407 | D:15     | 22407 ||| FLEEEEING.
 22408 | D:15     | 22408 ||| FLEEEEING.
 22409 | D:15     | 22409 ||| FLEEEEING.
 22410 | D:15     | 22410 ||| FLEEEEING.
 22411 | D:15     | 22411 ||| FLEEEEING.
 22412 | D:15     | 22412 ||| FLEEEEING.
 22413 | D:15     | 22413 ||| FLEEEEING.
 22414 | D:15     | 22414 ||| FLEEEEING.
 22415 | D:15     | 22415 ||| FLEEEEING.
 22416 | D:15     | 22416 ||| FLEEEEING.
 22417 | D:15     | 22417 ||| FLEEEEING.
 22418 | D:15     | 22418 ||| FLEEEEING.
 22419 | D:15     | 22419 ||| FLEEEEING.
 22420 | D:15     | 22420 ||| FLEEEEING.
 22421 | D:15     | 22421 ||| FLEEEEING.
 22481 | D:15     | Found a staircase to the Depths.
 22561 | D:15     | 22561 ||| PLANNING ORC
 22561 | D:15     | 22561 ||| DROPPING +6 ring of intelligence.
 22673 | Orc:1    | Entered Level 1 of the Orcish Mines
 22674 | Orc:1    | 22674 ||| INVOKING Heroism.
 22675 | Orc:1    | 22675 ||| INVOKING Finesse.
 22749 | Orc:1    | 22749 ||| Stepping ~*~*~tactically~*~*~ (stealth).
 22761 | Orc:1    | 22761 ||| INVOKING Heroism.
 23221 | Orc:2    | Entered Level 2 of the Orcish Mines
 23222 | Orc:2    | Found a staircase to the Elven Halls.
 23238 | Orc:2    | 23238 ||| FLEEEEING.
 23239 | Orc:2    | 23239 ||| STAIRDANCE
 23384 | Orc:2    | 23384 ||| INVOKING Heroism.
 23396 | Orc:2    | Paralysed by an orc sorcerer for 5 turns
 23402 | Orc:2    | 23402 ||| INVOKING Heroism.
 23406 | Orc:2    | Gained mutation: You are occasionally teleported next to
                  | monsters. [a neqoxec]
 23533 | Orc:2    | 23533 ||| DRINKING 2 potions of mutation.
 23533 | Orc:2    | Lost mutation: You are occasionally teleported next to
                  | monsters. [potion of mutation]
 23533 | Orc:2    | Gained mutation: Armour fits poorly on your strangely
                  | shaped body. [potion of mutation]
 23534 | Orc:2    | 23534 ||| DRINKING potion of mutation.
 23534 | Orc:2    | Lost mutation: Armour fits poorly on your strangely shaped
                  | body. [potion of mutation]
 23534 | Orc:2    | Gained mutation: You are robust. (+10% HP) [potion of
                  | mutation]
 23534 | Orc:2    | Gained mutation: You are dopey. (Int -2) [potion of
                  | mutation]
 23534 | Orc:2    | Lost mutation: You are dopey. (Int -2) [potion of mutation]
 23649 | Orc:2    | 23649 ||| Stepping ~*~*~tactically~*~*~ (hiding).
 23673 | Orc:2    | 23673 ||| Stepping ~*~*~tactically~*~*~ (stealth).
 23675 | Orc:2    | 23675 ||| INVOKING Heroism.
 23699 | Orc:2    | 23699 ||| Stepping ~*~*~tactically~*~*~ (stealth).
 23986 | Orc:2    | 23986 ||| INVOKING Heroism.
 23990 | Orc:2    | 23990 ||| Stepping ~*~*~tactically~*~*~ (hiding).
 24037 | Orc:2    | 24037 ||| Stepping ~*~*~tactically~*~*~ (hiding).
 24092 | Orc:2    | 24092 ||| INVOKING Heroism.
 24099 | Orc:2    | 24099 ||| Stepping ~*~*~tactically~*~*~ (hiding).
 24147 | Orc:2    | 24147 ||| INVOKING Heroism.
 24165 | Orc:2    | 24165 ||| DROPPING +0 morningstar.
 24166 | Orc:2    | 24166 ||| DROPPING +1 flail of holy wrath.
 24172 | Orc:2    | Found Niyb's Jewellery Shop.
 24178 | Orc:2    | 24178 ||| BUYING +4 ring of protection (576 gold).
 24178 | Orc:2    | Bought a +4 ring of protection for 576 gold pieces
 24192 | Orc:2    | 24192 ||| INVOKING Heroism.
 24197 | Orc:2    | Reached skill level 15 in Fighting
 24199 | Orc:2    | Found Urenike's Jewellery Shoppe.
 24351 | Orc:2    | Found Omuodgh's Book Shoppe.
 24361 | Orc:2    | 24361 ||| BUYING +5 ring of evasion (468 gold).
 24361 | Orc:2    | Bought a +5 ring of evasion for 468 gold pieces
 24378 | Orc:2    | Found Deoshrotz's General Store.
 24379 | Orc:2    | 24379 ||| INVOKING Heroism.
 24401 | Orc:2    | 24401 ||| BUYING 2 potions of curing (84 gold).
 24401 | Orc:2    | Bought 2 potions of curing for 84 gold pieces
 24401 | Orc:2    | 24401 ||| BUYING potion of attraction (42 gold).
 24401 | Orc:2    | Bought a potion of attraction for 42 gold pieces
 24485 | Orc:2    | 24485 ||| PLANNING SNAKE:1-3
 24485 | Orc:2    | 24485 ||| UPGRADING to +4 ring of protection.
 24487 | Orc:2    | 24487 ||| UPGRADING to +0 hat "Lib Keiq" {rC++ Str+3
                  | Dex-3}.
 24497 | Orc:2    | 24497 ||| UPGRADING to +5 ring of evasion.
 24499 | Orc:2    | 24499 ||| UPGRADING to +6 ring of strength.
 24501 | Orc:2    | 24501 ||| DROPPING +4 ring of protection.
 24648 | Snake:1  | Entered Level 1 of the Snake Pit
 24721 | Snake:1  | 24721 ||| DROPPING +2 heavy war axe.
 24747 | Snake:1  | Found Uqaso's Distillery.
 24756 | Snake:1  | 24756 ||| BUYING potion of curing (36 gold).
 24756 | Snake:1  | Bought a potion of curing for 36 gold pieces
 24756 | Snake:1  | 24756 ||| BUYING potion of curing (36 gold).
 24756 | Snake:1  | Bought a potion of curing for 36 gold pieces
 24756 | Snake:1  | 24756 ||| BUYING potion of heal wounds (60 gold).
 24756 | Snake:1  | Bought a potion of heal wounds for 60 gold pieces
 24756 | Snake:1  | 24756 ||| BUYING potion of mutation (96 gold).
 24756 | Snake:1  | Bought a potion of mutation for 96 gold pieces
 24761 | Snake:1  | 24761 ||| Stepping ~*~*~tactically~*~*~ (stealth).
 24787 | Snake:1  | 24787 ||| Stepping ~*~*~tactically~*~*~ (hiding).
 24788 | Snake:1  | 24788 ||| Stepping ~*~*~tactically~*~*~ (hiding).
 24802 | Snake:1  | 24802 ||| Stepping ~*~*~tactically~*~*~ (hiding).
 24805 | Snake:1  | 24805 ||| Stepping ~*~*~tactically~*~*~ (hiding).
 24808 | Snake:1  | 24808 ||| Stepping ~*~*~tactically~*~*~ (hiding).
 24809 | Snake:1  | 24809 ||| Stepping ~*~*~tactically~*~*~ (hiding).
 24818 | Snake:1  | Received a gift from Okawaru
 24836 | Snake:1  | Identified the +1 ring mail of Okawaru's Envy {rC+ Str+2
                  | Int-3 Dex+5} (Okawaru gifted it to you on level 1 of the
                  | Snake Pit)
 24836 | Snake:1  | Received a gift from Okawaru
 24842 | Snake:1  | 24842 ||| INVOKING Heroism.
 25016 | Snake:1  | Reached skill level 15 in Shields
 25055 | Snake:1  | 25055 ||| Stepping ~*~*~tactically~*~*~ (stealth).
 25056 | Snake:1  | 25056 ||| Stepping ~*~*~tactically~*~*~ (stealth).
 25058 | Snake:1  | 25058 ||| Stepping ~*~*~tactically~*~*~ (stealth).
 25174 | Snake:1  | Found Matwuid's Overcharged Wands.
 25323 | Snake:2  | 25323 ||| INVOKING Heroism.
 25341 | Snake:2  | Reached skill level 6 in Throwing
 25449 | Snake:2  | 25449 ||| INVOKING Heroism.
 25547 | Snake:2  | Noticed a nagaraja
 25548 | Snake:2  | 25548 ||| INVOKING Heroism.
 25561 | Snake:2  | Killed a nagaraja
 25664 | Snake:2  | 25664 ||| Stepping ~*~*~tactically~*~*~ (hiding).
 25672 | Snake:2  | Found Idec's Magic Scroll Emporium.
 25672 | Snake:2  | Found Tupn's General Store.
 25678 | Snake:2  | Found Cenlocraut's Antique Weapon Emporium.
 25746 | Snake:2  | 25746 ||| BUYING 2 scrolls of enchant weapon (240 gold).
 25746 | Snake:2  | Bought 2 scrolls of enchant weapon for 240 gold pieces
 25746 | Snake:2  | 25746 ||| BUYING scroll of enchant weapon (120 gold).
 25746 | Snake:2  | Bought a scroll of enchant weapon for 120 gold pieces
 25746 | Snake:2  | 25746 ||| BUYING scroll of enchant weapon (120 gold).
 25746 | Snake:2  | Bought a scroll of enchant weapon for 120 gold pieces
 25746 | Snake:2  | 25746 ||| READING 4 scrolls of enchant weapon.
 25746 | Snake:2  | 25746 ||| ENCHANTING +7 war axe of venom.
 25747 | Snake:2  | 25747 ||| READING 3 scrolls of enchant weapon.
 25747 | Snake:2  | 25747 ||| ENCHANTING +8 war axe of venom.
 25750 | Snake:2  | 25750 ||| BUYING scroll of enchant armour (142 gold).
 25750 | Snake:2  | Bought a scroll of enchant armour for 142 gold pieces
 25750 | Snake:2  | 25750 ||| READING scroll of enchant armour.
 25750 | Snake:2  | 25750 ||| ENCHANTING +0 pair of boots.
 25764 | Snake:2  | 25764 ||| Stepping ~*~*~tactically~*~*~ (hiding).
 25765 | Snake:2  | 25765 ||| Stepping ~*~*~tactically~*~*~ (hiding).
 25767 | Snake:2  | 25767 ||| Stepping ~*~*~tactically~*~*~ (hiding).
 25768 | Snake:2  | 25768 ||| Stepping ~*~*~tactically~*~*~ (hiding).
 25825 | Snake:2  | 25825 ||| Stepping ~*~*~tactically~*~*~ (stealth).
 25883 | Snake:2  | Reached XP level 17. HP: 106/124 MP: 24/24
 25922 | Snake:2  | 25922 ||| Stepping ~*~*~tactically~*~*~ (stealth).
 26136 | Snake:2  | 26136 ||| Stepping ~*~*~tactically~*~*~ (hiding).
 26137 | Snake:2  | 26137 ||| Stepping ~*~*~tactically~*~*~ (hiding).
 26139 | Snake:2  | 26139 ||| Stepping ~*~*~tactically~*~*~ (hiding).
 26308 | Snake:2  | 26308 ||| Stepping ~*~*~tactically~*~*~ (stealth).
 26310 | Snake:2  | 26310 ||| INVOKING Heroism.
 26347 | Snake:2  | 26347 ||| Stepping ~*~*~tactically~*~*~ (stealth).
 26349 | Snake:2  | 26349 ||| Stepping ~*~*~tactically~*~*~ (hiding).
 26351 | Snake:2  | 26351 ||| Stepping ~*~*~tactically~*~*~ (hiding).
 26353 | Snake:2  | 26353 ||| Stepping ~*~*~tactically~*~*~ (hiding).
 26354 | Snake:2  | 26354 ||| Stepping ~*~*~tactically~*~*~ (hiding).
 26374 | Snake:2  | Received a gift from Okawaru
 26392 | Snake:2  | 26392 ||| UPGRADING to +1 tower shield of protection.
 26402 | Snake:2  | 26402 ||| DROPPING +0 kite shield.
 26463 | Snake:1  | 26463 ||| Stepping ~*~*~tactically~*~*~ (stealth).
 26464 | Snake:1  | 26464 ||| Stepping ~*~*~tactically~*~*~ (stealth).
 26477 | Snake:1  | 26477 ||| INVOKING Heroism.
 26483 | Snake:1  | HP: 30/124 [guardian serpent (13)]
 26483 | Snake:1  | HP: 11/124 [shock serpent (4)]
 26483 | Snake:1  | HP: 2/124 [anaconda (9)]
 26484 | Snake:1  | 26484 ||| READING 11 scrolls of teleportation.
 26484 | Snake:1  | Constricted to death by an anaconda

Levels and vault maps discovered:
D:1:      doesnt_arrival_eight_statues, layout_basic,
          ebering_ecumenical_altar_sacrificial, minmay_tetromino_s2
D:2:      layout_loops_ring, uniq_natasha
D:3:      corexii_shack_village, layout_loops_ring
D:4:      cheibrodos_helix_gallery, layout_cave_pools,
          mainiacjoe_overflow_alcove_2, serial_shops,
          nicolae_shop_window_shopping, minmay_small_thing, uniq_edmund
D:5:      layout_cave_pods, chequers_hall_statues_corner_a
D:6:      layout_loops_ring, hex_tiny
D:7:      layout_gridville, minmay_temple_entry_from_below_a
D:8:      layout_loops_ring, lightli_temple_of_fire, minmay_misc_feat_ornament,
          uniq_maggie
D:9:      kennysheep_housing_project, layout_long_grid,
          mainiacjoe_overflow_six_doors_small, mainiacjoe_overflow_divided_tiny,
          due_lair_maze_entry_diamond, serial_shops, shop_statue,
          gammafunk_ghost_split
D:10:     layout_basic
D:11:     layout_irregular_city, orc_0_dummy
D:12:     layout_roguey [special_room_orc], nrook_loot_triangle
D:13:     layout_grid_maze, erik_vaults_1, ebering_ghost_rock_garden
D:14:     wander_river, layout_cave_pools, nicolae_lava_and_water, zin_statuary
D:15:     gammafunk_depths_entry_grave, layout_basic, lemuel_crystal_altar
Temple:   bh_familiar_temple
Lair:1:   layout_roguey, gauntlet_entry_generic, serial_bayou_shore_b,
          uniq_joseph
Lair:2:   layout_layer_cave, skrybe_swamp_entry_bodies, dummy_snake_entry
Lair:3:   dragon1_lemuel, layout_cave_pods
Lair:4:   layout_hall_layers, evilmike_ambush [evilmike_ambush_outer_basic,
          evilmike_ambush_inner_wall_1]
Lair:5:   minmay_lair_end_enchanted_forest, layout_cave_pods, slime_entry_1,
          uniq_kirke, uniq_josephine, uniq_sonja
Snake:1:  nicolae_snake_attic_fulla_snakes, layout_grid_shapes, serial_shops,
          shop, st_stairs_6, nicolae_shop_overcharged_wands
Snake:2:  layout_cave_town, grunt_ministairs_13, minmay_shop_star,
          grunt_megastairs_5
Orc:1:    layout_caves
Orc:2:    hellmonk_orc_salted, layout_caves, mines4_lemuel

Skill      XL: |  1  2  3  4  5  6  7  8  9 10 11 12 13 14 15 16 17 |
---------------+----------------------------------------------------+-----
Axes           | 2 3 4 5 6 7 8 10 11 12 13 15 16 | 16.0
Fighting       | 4 5 6 7 8 9 10 12 13 15 | 15.2
Dodging        | 2 3 4 |  4.0
Shields        | 5 7 8 9 10 11 12 13 15 | 15.6
Armour         | 5 7 8 9 10 11 | 11.6
Throwing       | 1 3 4 5 7 8 |  8.2
Invocations    | 2 4 5 9 10 | 10.0

Action                     |  1- 3 |  4- 6 |  7- 9 | 10-12 | 13-15 | 16-18 || total
---------------------------+-------+-------+-------+-------+-------+-------++-------
  Melee: War axe           |   100 |    92 |   237 |   340 |   982 |   533 ||  2284
         Morningstar       |       |       |       |     3 |     5 |       ||     8
  Throw: Boomerang         |       |    12 |    47 |    23 |    65 |    48 ||   195
         Javelin           |       |       |       |    56 |    55 |    12 ||   123
 Invoke: Heroism           |       |       |       |    24 |    31 |    17 ||    72
         Finesse           |       |       |       |     2 |     5 |     1 ||     8
    Use: Scroll            |     1 |     8 |    11 |     5 |     8 |     4 ||    37
         Potion            |     1 |     1 |     2 |       |     3 |     2 ||     9
 Armour: Scale mail        |    46 |    27 |       |       |       |       ||    73
         Chain mail        |       |    14 |     6 |       |   226 |   213 ||   459
         Plate armour      |       |       |   137 |   155 |   196 |       ||   488
  Dodge: Dodged            |    48 |    28 |    56 |    80 |   263 |   191 ||   666
  Block: Buckler           |    11 |    24 |     2 |       |       |       ||    37
         Kite shield       |       |       |    98 |   160 |   443 |   249 ||   950
         Tower shield      |       |       |       |       |       |    48 ||    48

Table legend:
 A = Non-vault XP
 B = Vault XP
 C = Vault XP percentage of total XP
 D = Non-vault monster count
 E = Vault monster count
 F = Vault count percentage of total count
                 A         B        C        D         E       F
            +---------+---------+-------+---------+---------+-------
      Total |  141407 |   55929 |  28.3 |     599 |     225 |  27.3
            +---------+---------+-------+---------+---------+-------
        D:1 |      39 |       3 |   7.1 |      24 |       2 |   7.7
        D:2 |      71 |      36 |  33.6 |      14 |       1 |   6.7
        D:3 |     161 |      16 |   9.0 |      18 |       8 |  30.8
        D:4 |     144 |     393 |  73.2 |      11 |       5 |  31.2
        D:5 |     725 |       0 |   0.0 |      29 |       0 |   0.0
        D:6 |     554 |       0 |   0.0 |      13 |       0 |   0.0
        D:7 |     698 |       0 |   0.0 |      18 |       0 |   0.0
        D:8 |    1610 |     599 |  27.1 |      28 |       2 |   6.7
        D:9 |    3522 |    2338 |  39.9 |      33 |      40 |  54.8
       D:10 |    1277 |       0 |   0.0 |       5 |       0 |   0.0
       D:11 |    7450 |       0 |   0.0 |      27 |       0 |   0.0
       D:12 |    4561 |    1011 |  18.1 |      10 |      25 |  71.4
       D:13 |   11071 |    1654 |  13.0 |      37 |       2 |   5.1
       D:14 |   12054 |       0 |   0.0 |      26 |       0 |   0.0
       D:15 |   15589 |    4900 |  23.9 |      33 |       8 |  19.5
     Lair:1 |    6837 |     471 |   6.4 |      15 |       1 |   6.2
     Lair:2 |    5882 |     649 |   9.9 |      18 |       1 |   5.3
     Lair:3 |   11951 |     867 |   6.8 |      40 |       1 |   2.4
     Lair:4 |    9475 |    1339 |  12.4 |      31 |       3 |   8.8
     Lair:5 |   12832 |   13713 |  51.7 |      36 |      57 |  61.3
    Snake:1 |   12055 |    7824 |  39.4 |      27 |      14 |  34.1
    Snake:2 |   11994 |    7370 |  38.1 |      27 |      11 |  28.9
      Orc:1 |    6587 |       0 |   0.0 |      42 |       0 |   0.0
      Orc:2 |    4268 |   11754 |  73.4 |      37 |      43 |  53.8
    Abyss:3 |       0 |     992 | 100.0 |       0 |       1 | 100.0
            +---------+---------+-------+---------+---------+-------
